 Dungeon Crawl Stone Soup version 0.21.1-1-g345015f (console) character file.

142 Homage the Chucker (level 5, -4/50 HPs)
             Began as an Ogre Hunter on Mar 29, 2018.
             Killed from afar by yevrey's ghost (5 damage)
             ... with a magic dart
             ... on level 4 of the Dungeon.
             The game lasted 00:08:08 (4619 turns).

Homage the Chucker (Ogre Hunter)                    Turns: 4619, Time: 00:08:09

Health: -4/50      AC:  3    Str: 16    XL:     5   Next: 24%
Magic:  5/5        EV: 10    Int: 12    God:
Gold:   142        SH:  0    Dex: 10    Spells: 4/4 levels left

rFire    . . .     SeeInvis .   a - +0 whip
rCold    . . .     Gourm    +   (no shield)
rNeg     . . .     Faith    .   b - +0 robe
rPois    .         Spirit   .   (helmet restricted)
rElec    .         Reflect  .   (no cloak)
rCorr    .         Harm     .   (gloves unavailable)
MR       .....                  (boots unavailable)
Stlth    +.........             k - amulet of the gourmand
HPRegen  0.16/turn              (no ring)
MPRegen  0.09/turn              (no ring)

@: hasted, very quick
A: large, unfitting armour, tough skin 1
a: no special abilities


You were on level 4 of the Dungeon.
You were completely stuffed.

You visited 1 branch of the dungeon, and saw 4 of its levels.

You collected 142 gold pieces.


Innate Abilities, Weirdness & Mutations

You are too large for most types of armour.
You have tough skin. (AC +1)


   Skills:
 - Level 2.6 Fighting
 + Level 6.4 Throwing
 - Level 1.7 Dodging
 - Level 0.6 Stealth


You had 4 spell levels left.
You didn't know any spells.

Inventory:

Hand Weapons
 a - a +0 whip (weapon)
Missiles
 d - 50 stones (quivered)
 h - 2 throwing nets
 q - 27 poisoned needles
Armour
 b - a +0 robe (worn)
Jewellery
 k - an amulet of the gourmand (around neck)
Scrolls
 i - 2 scrolls of amnesia
 j - 2 scrolls of teleportation
 m - a scroll of fog
 o - a scroll of magic mapping {unknown}
Potions
 g - a potion of cancellation
 p - a potion of curing
Books
 l - a book of Misfortune

   Spells                             Type                      Level
   a - Confusing Touch                Hexes                        1
   b - Confuse                        Hexes                        3
   c - Gell's Gravitas                Translocation                3
   d - Petrify                        Transmutation/Earth          4
   e - Metabolic Englaciation         Hexes/Ice                    5
   f - Yara's Violent Unravelling     Hexes/Transmutation          5
Comestibles
 f - 7 rations
 n - 4 chunks of flesh


Message History

Yevrey's ghost is heavily damaged.
Yevrey's ghost hits you.
You hit yevrey's ghost.
Yevrey's ghost is severely damaged.
Yevrey's ghost hits you.
You closely miss yevrey's ghost.
Yevrey's ghost is severely damaged.
Yevrey's ghost closely misses you.
You closely miss yevrey's ghost.
Yevrey's ghost is severely damaged.
Yevrey's ghost points at you and mumbles some strange words.
The orb of energy hits you!
The orb of energy explodes!
You hear an angry hiss.
Yevrey's ghost casts a spell at you. The orb of energy hits you!
* * * LOW HITPOINT WARNING * * *
You feel yourself speed up.
Yevrey's ghost points at you and mumbles some strange words.
The magic dart hits you!
You die...

#######.....#
#...........# ####
#...........### .((..
#.............##......
#.............((....(.
#####...###...........
##......##........
##########....W...........
........>#..@..###.#......
........(#.....# #.#...<..
.........#.....###.#......
.................#.#......
.......<.#........
.........#.......#.#
.................. .
#######.....###...>
##..#..# ...


You could see yevrey's ghost.

Vanquished Creatures
  An orc priest (D:3)
  2 adders
  3 oozes
  3 worms
  A dart slug (D:2)
  4 orcs
  4 bats
  5 giant cockroaches
  10 goblins
  9 hobgoblins
  3 quokkas
  3 frilled lizards
  8 kobolds
  10 rats
66 creatures vanquished.

Notes
Turn   | Place    | Note
-------+----------+-------------------------------------------
     0 | D:1      | Homage the Ogre Hunter began the quest for the Orb.
     0 | D:1      | Reached XP level 1. HP: 22/22 MP: 1/1
   196 | D:1      | Reached XP level 2. HP: 27/29 MP: 2/2
   548 | D:1      | HP: 5/29 [hobgoblin/club (1)]
  1105 | D:1      | Reached XP level 3. HP: 33/36 MP: 3/3
  1384 | D:1      | Reached skill level 5 in Throwing
  1505 | D:2      | Found a basalt altar of Yredelemnul.
  1506 | D:2      | Found an opulent altar of Gozag.
  1507 | D:2      | Found a shimmering altar of Xom.
  2030 | D:2      | Found an ancient bone altar of Kikubaaqudgha.
  2201 | D:2      | Reached XP level 4. HP: 25/44 MP: 4/4
  2849 | D:2      | HP: 8/44 [giant cockroach (1)]
  2854 | D:2      | HP: 6/44 [poisoned by an orc priest]
  2860 | D:2      | HP: 4/44 [poisoned by an orc priest]
  3162 | D:2      | Reached skill level 6 in Throwing
  3727 | D:3      | Reached XP level 5. HP: 40/50 MP: 5/5
  4069 | D:3      | Found a hide-covered altar of Uskayaw.
  4071 | D:3      | Noticed a hand axe
  4072 | D:3      | Noticed a dagger
  4604 | D:4      | Noticed yevrey's ghost (amateur TeCj)
  4616 | D:4      | HP: 1/50 [yevrey's ghost/orb of energy (16)]
  4619 | D:4      | Killed from afar by yevrey's ghost

Vault maps used:
D:1:      lemuel_arrival_funnel
D:2:      kiku_gazebo_pond_becter, grunt_temple_overflow_open
D:3:      dancing_weapons_uskayaw
D:4:      hangedman_decor_opposing

Action                   |  1- 3 |  4- 6 || total
-------------------------+-------+-------++-------
Melee: Short sword       |   128 |       ||   128
       Mace              |    32 |     9 ||    41
       Whip              |       |   120 ||   120
Throw: Large rock        |     2 |    18 ||    20
       Stone             |       |     1 ||     1
  Use: Scroll            |     4 |     2 ||     6
       Potion            |     2 |     3 ||     5
 Stab: Sleeping          |       |     1 ||     1
  Eat: Chunk             |    13 |    14 ||    27
Armor: Robe              |    53 |    32 ||    85
Dodge: Dodged            |   122 |    68 ||   190
